 Dungeon Sprint DCSS version 0.29-a0-1023-g6ae1a4a2c7 (webtiles) character file.

Game seed: 1392834243554219047

218270 mhtbhm the Ninja (level 17, -28/112 HPs)
             Began as a Spriggan Brigand on Aug 11, 2022.
             Was the Champion of Dithmenos.
             Killed from afar by a Brimstone Fiend (45 damage)
             ... with damnation
             ... in the Dungeon (Sprint III: "The Ten Rune Challenge") on Aug 12, 2022.
             The game lasted 00:56:07 (17119 turns).

mhtbhm the Ninja (Spriggan Brigand)                Turns: 17119, Time: 00:56:07

Health: -28/112    AC:  8    Str:  7    XL:     17   Next: 6%
Magic:  38/41      EV: 66    Int: 16    God:    Dithmenos [******]
Gold:   4368       SH:  0    Dex: 24    Spells: 9/16 levels left

rFire   + . .      SeeInvis +   O - +7 Spriggan's Knife {stab, EV+4 Stlth+}
rCold   + + .      Faith    .   (no shield)
rNeg    + . .      Spirit   .   b - +2 robe {rN+}
rPois   +          Reflect  .   F - +1 hat {Int+3}
rElec   .          Harm     .   c - +2 cloak {Will+}
rCorr   .          Rampage  .   (gloves unavailable)
Will    +++..      NoTele   +   (boots unavailable) Stlth #*********
                                C - amulet "Gopsah" {Acrobat rC+ Slay+2}
HPRegen 0.28/turn               v - ring "Winapis" {rPois rF+ rC+ MP+9 Slay+2}
MPRegen 0.27/turn               u - ring of flight

@: acrobatic, flying, wreathed by umbra, studying 3 skills, very quick
A: very small, no large weapons, unfitting armour, see invisible, speed 3
}: 4/10 runes: serpentine, barnacled, silver, golden
a: Renounce Religion, Shadow Step, Shadow Form


You were in the Dungeon.
You worshipped Dithmenos.
Dithmenos was exalted by your worship.
You visited 1 branch You collected 7884 gold pieces.
You spent 3516 gold pieces at shops.

Inventory:

Hand Weapons
 a - the +8 short sword "Byaqoted" {flame, Drain rElec rN+}
   (You bought it in a shop in the Dungeon)

   It burns those it strikes, dealing additional fire damage.
   rElec:     It insulates you from electricity.
   rN:        It protects you from negative energy.
   Drain:     It drains your maximum health when unequipped.
 h - a +8 quick blade
 k - a +0 rapier of holy wrath
 O - the +7 Spriggan's Knife (weapon) {stab, EV+4 Stlth+}
   (You took it off a vault guard in the Dungeon)

   It is more effective when stabbing unaware enemies, sometimes treating them
   as though they were completely helpless.
   EV:        It affects your evasion (+4).
   Stlth:     It makes you more stealthy.
Missiles
 d - 5 poisoned darts (quivered)
 e - 2 curare-tipped darts
 G - 10 datura-tipped darts
Armour
 b - a +2 robe of positive energy (worn)
 c - a +2 cloak of willpower (worn)
 D - the +3 warlock's mirror {reflect}
   (You acquired it in the Dungeon)

   It can block and reflect piercing ranged attacks and magical attacks against
   the wielder's willpower.
 F - a +1 hat of intelligence (worn)
Jewellery
 u - a ring of flight (right hand)
 v - the ring "Winapis" (left hand) {rPois rF+ rC+ MP+9 Slay+2}
   (You found it in the Dungeon)

   [ring of protection from cold]

   Slay:      It affects your accuracy & damage with ranged weapons and melee
   (+2).
   rF:        It protects you from fire.
   rC:        It protects you from cold.
   rPois:     It protects you from poison.
   MP:        It affects your magic capacity (+9).
 w - a ring of resist corrosion
 x - the ring "Welarasext" {rN++ rCorr Int+6 Slay+3 Stlth-}
   (You found it in the Dungeon)

   [ring of intelligence]

   Int:       It affects your intelligence (+6).
   Slay:      It affects your accuracy & damage with ranged weapons and melee
   (+3).
   rN:        It greatly protects you from negative energy.
   rCorr:     It protects you from acid and corrosion.
   Stlth:     It makes you less stealthy.
 B - the ring of the Mage {Wiz Archmagi}
   (You bought it in a shop in the Dungeon)

   [ring of wizardry]

   It improves your spell success rate.
   Archmagi:  It increases the power of your magical spells.
 C - the amulet "Gopsah" (around neck) {Acrobat rC+ Slay+2}
   (You bought it in a shop in the Dungeon)

   [amulet of the acrobat]

   It increases your evasion while moving and waiting.
   Slay:      It affects your accuracy & damage with ranged weapons and melee
   (+2).
   rC:        It protects you from cold.
 I - a ring of protection from fire
Wands
 y - a wand of paralysis (19)
 H - a wand of mindburst (15)
 M - a wand of digging (11)
Scrolls
 l - 7 scrolls of identify
 m - 3 scrolls of torment
 n - 6 scrolls of amnesia
 o - 3 scrolls of poison
 p - a scroll of immolation
 A - 2 scrolls of fear
Potions
 f - 7 potions of curing
 g - 2 potions of heal wounds
 i - 2 potions of magic
 j - a potion of berserk rage
 r - 5 potions of mutation
 s - a potion of might
 E - 4 potions of resistance
 L - 3 potions of flight
Miscellaneous
 t - a condenser vane
 z - a tin of tremorstones (2/2)
 P - a lightning rod (4/4)


   Skills:
 + Level 22.3 Fighting
 O Level 27 Short Blades
 + Level 22.3 Throwing
 O Level 27 Dodging
 O Level 27 Stealth
 + Level 21.5 Invocations
 + Level 23.7 Evocations


You had 9 spell levels left.
You knew the following spells:

 Your Spells              Type           Power      Damage    Failure   Level
a - Tukima's Dance        Hex            0%         N/A       58%         3
b - Slow                  Hex            0%         N/A       26%         1
c - Confusing Touch       Hex            0%         N/A       58%         3

Your spell library contained the following spells:

 Spells                   Type           Power      Damage    Failure   Level
 Freeze                   Ice            0%         1d3       26%         1
 Shock                    Conj/Air       0%         1d3       26%         1
 Sting                    Tmut/Pois      0%         1d3       26%         1
 Poisonous Vapours        Pois/Air       0%         N/A       36%         2
 Static Discharge         Conj/Air       0%         3-3/arc   36%         2
 Frozen Ramparts          Ice            0%         1d1       58%         3
 Inner Flame              Hex/Fire       0%         N/A       58%         3
 Stone Arrow              Conj/Erth      0%         3d7       58%         3
 Vampiric Draining        Necr           0%         2d6       58%         3
 Anguish                  Hex/Necr       0%         N/A       94%         4
 Animate Armour           Summ/Erth      0%         N/A       94%         4
 Cause Fear               Hex            0%         N/A       94%         4
 Dispel Undead            Necr           0%         3d6       94%         4
 Fulminant Prism          Conj/Hex       0%         3d6       94%         4
 Hailstorm                Conj/Ice       0%         3d3       94%         4
 Olgreb's Toxic Radiance  Pois           0%         N/A       94%         4
 Passage of Golubria      Tloc           0%         N/A       94%         4
 Sticky Flame             Conj/Fire      0%         2d3       94%         4
 Freezing Cloud           Conj/Ice/Air   0%         6-21      100%        5
 Irradiate                Conj/Tmut      0%         3d11      100%        5
 Lightning Bolt           Conj/Air       0%         1d11      100%        5
 Summon Forest            Summ/Tloc      0%         N/A       100%        5
 Yara's Violent Unravell  Hex/Tmut       0%         3d3       100%        5
 Statue Form              Tmut/Erth      0%         N/A       100%        6
 Enfeeble                 Hex            0%         N/A       100%        7
 Discord                  Hex            0%         N/A       100%        8
 Maxwell's Capacitive Co  Air            0%         ∞         100%        8
 Dragon's Call            Summ           0%         N/A       100%        9
 Shatter                  Erth           0%         3d5*      100%        9


Dungeon Overview and Level Annotations

Branches:
Dungeon (1/1)

Altars:
Cheibriados
Dithmenos
Elyvilon
Fedhas
Gozag
Hepliaklqana
Kikubaaqudgha
Makhleb
Nemelex Xobeh
Okawaru
Qazlal
Ru
Sif Muna
Trog
Uskayaw
Vehumet
Wu Jian
Xom
Yredelemnul
Zin
The Shining One
Jiyva
Lugonu

Shops:
D (=?(!(:?!!![=:(([=[=!=?

Annotations:
D exclusion: 4 statues, Geryon, Serpent of Hell


Innate Abilities, Weirdness & Mutations

You are very small and have problems with some larger weapons.
You are too small for most types of armour.
You have supernaturally acute eyesight. (SInv)
You cover ground extremely quickly. (Speed+++)


Message History

There is an open gateway to the decaying netherworld of Tartarus here.
You reach down and close the gateway.
You reach down and open the gateway. 2 hellions and Serpent of Hell come into view.
There is an open gateway to the ashen valley of Gehenna here.
Unknown command.
Aiming: Shadow Step
Press: ? - help, Dir - move target, f - Serpent of Hell
Aim: the Serpent of Hell (black smoke, lava, asleep, umbra)
You step into the Serpent of Hell's shadow.
A Brimstone Fiend and 4 hellions come into view.
The hellion gives a hideous shriek! x5
The Serpent of Hell barely misses you. The Serpent of Hell bites you!
You are engulfed in flames!
You resist.
You emit a cloud of dark smoke.
The Serpent of Hell completely misses you. x3
The Brimstone Fiend roars!
Found five items.
Unknown command.
Okay, then.
The hellion gestures at you.
The sphere of damnation explodes!
The damnation engulfs you!!
The damnation engulfs the Serpent of Hell.
The Serpent of Hell completely resists.
The Serpent of Hell roars deafeningly!
The Serpent of Hell breathes flames at you.
The blast of flame hits you! You resist.
The Serpent of Hell breathes flames at you.
The blast of flame misses you.
The Serpent of Hell breathes fire at you.
The fireball explodes!
The fireball engulfs you! You resist.
* * * LOW HITPOINT WARNING * * *
You are engulfed in blazing flames.
You resist.
* * * LOW HITPOINT WARNING * * *
Unknown command.
You are engulfed in blazing flames.
You resist.
* * * LOW HITPOINT WARNING * * *
There is an open gateway to the ashen valley of Gehenna here.
The Brimstone Fiend gestures at you.
The sphere of damnation explodes!
The damnation engulfs you!!!
You die...

#§≈§≈.222≈§§≈##........#
#.≈≈≈§§§§§§≈.##...)....'
#.§§§§§§§§§§§##........#
#§§§§§1§§§§§§##~......~#
#§§§§°°§D☼§§§##8~....~8#
#§☼§.°°○°§§§○#####++####
#8§§.°°°°°§§8##..'.....#
#+#############°###############.#
................@..)...#...# ##.#
.......................#...###...
.........&..........)..').))).)..
......................)#...###...
.......................#...# ##.#
##+#############+##############.#
#§§§§# #......#'# +§§§§+
#.).)..#.' #.§§§# #..)...#.#


You could see Geryon (wandering) and a Brimstone Fiend.

Vanquished Creatures
  An ancient lich (D)
  Mennas (D)
  2 royal mummies (D)
  Sojobo (D)
  Boris (D)
  A Killer Klown (D)
  2 golden dragons (D)
  Nikola (D)
  A lich (D)
  Rupert (D)
  2 Orb Guardians (D)
  3 deep elf blademasters (D)
  A deep elf master archer (D)
  Polyphemus (D)
  An Executioner (D)
  2 quicksilver dragons (D)
  2 sphinxes (D)
  Frances (D)
  Gastronok (D)
  4 shadow dragons (D)
  Chuck (D)
  A shadow dragon (shapeshifter) (D)
  Roxanne (D)
  Donald (D)
  A nagaraja (D)
  2 fire giants (D)
  2 storm dragons (D)
  A draconian knight (D)
  Ilsuiw (D)
  2 draconian scorchers (D)
  4 azure jellies (D)
  A frost giant (D)
  2 draconian stormcallers (D)
  3 stone giants (D)
  Nessos (D)
  An entropy weaver (shapeshifter) (D)
  Azrael (D)
  2 dire elephants (D)
  2 deep elf annihilators (D)
  2 deep elf demonologists (D)
  A yellow draconian (D)
  A merfolk javelineer (D)
  9 mummy priests (D)
  Josephine (D)
  2 deep elf high priests (D)
  A fire dragon (D)
  2 hydras (D)
  4 yaktaur captains (D)
  17 vault guards (D)
  2 hell beasts (D)
  An ogre mage (D)
  An anaconda (shapeshifter) (D)
  3 centaur warriors (D)
  4 dancing weapons (D)
  A naga warrior (D)
  4 death yaks (D)
  5 orc high priests (D)
  Urug (D)
  2 sun demons (D)
  2 deep elf knights (D)
  2 soul eaters (D)
  A shadow wraith (D)
  A death drake (shapeshifter) (D)
  A death drake (D)
  A sea snake (D)
  9 skeletal warriors (D)
  2 anaconda zombies (D)
  A glowing orange brain (D)
  A spriggan druid (D)
  2 obsidian statues (D)
  2 orc knights (D)
  A lindwurm (D)
  A harpy (shapeshifter) (D)
  2 oklob plants (D)
  3 deep elf pyromancers (D)
  2 deep elf zephyrmancers (D)
  4 crystal guardians (D)
  A manticore (shapeshifter) (D)
  3 ugly things (D)
  2 orc sorcerers (D)
  A moth of wrath (D)
  A shining eye (D)
  2 elephants (D)
  8 black mambas (D)
  4 statues (D)
  A guardian serpent (D)
  2 cane toads (D)
  12 yaktaurs (D)
  A komodo dragon (D)
  An unseen horror (D)
  A rime drake (D)
  2 anaconda simulacra (D)
  2 ice devils (D)
  15 guardian mummies (D)
  A queen bee (D)
  4 spriggan defenders (D)
  2 tyrant leeches (D)
  3 wandering mushrooms (D)
  3 hornets (D)
  8 blink frogs (D)
  6 slime creatures (D)
  3 dream sheep (D)
  2 shadows (D)
  2 spriggans (D)
  A golden eye (D)
  A spatial vortex (D)
  3 redbacks (D)
  2 nagas (D)
  4 iron troll simulacra (D)
  7 water moccasins (D)
  A hydra simulacrum (D)
  2 floating eyes (D)
  2 fire dragon simulacra (D)
  An orc warrior (D)
  A black mamba simulacrum (D)
  A swamp drake (D)
  2 centaurs (D)
  An earth elemental (D)
  A necrophage (D)
  A water elemental (D)
  32 killer bees (D)
  4 electric eels (D)
  A quasit (D)
  A jelly (D)
  3 orc priests (D)
  Crazy Yiuf (D)
  Jessica (D)
  A wizard (D)
  A necromancer (D)
  3 humans (D)
  A kobold demonologist (D)
  7 adders (D)
  10 orcs (D)
  2 endoplasms (D)
  A frilled lizard (D)
  A rat (D)
  A ball lightning (D)
  2 bushes (D)
  6 butterflies (D)
  8 plants (D)
373 creatures vanquished.

Vanquished Creatures (others)
  A ball lightning (D)
  6 ballistomycete spores (D)
  A bush (D)
  27 plants (D)
35 creatures vanquished.

Grand Total: 408 creatures vanquished

Notes
Turn   | Place    | Note
-------+----------+-------------------------------------------
     0 | D        | mhtbhm the Spriggan Brigand began the quest for the Orb.
     0 | D        | Reached XP level 1. HP: 10/10 MP: 2/2
   176 | D        | Noticed Jessica
   179 | D        | Killed Jessica
   180 | D        | Reached XP level 2. HP: 15/15 MP: 3/3
   180 | D        | Reached XP level 3. HP: 18/18 MP: 4/4
   231 | D        | Reached skill level 10 in Stealth
   271 | D        | Noticed Crazy Yiuf
   278 | D        | Killed Crazy Yiuf
   279 | D        | Reached XP level 4. HP: 23/23 MP: 5/5
   331 | D        | Noticed a water elemental
   333 | D        | Killed a water elemental
   334 | D        | Reached skill level 5 in Short Blades
   345 | D        | Found a shadowy altar of Dithmenos.
   345 | D        | Noticed a necrophage
   346 | D        | Found a basalt altar of Yredelemnul.
   346 | D        | Found a sacrificial altar of Ru.
   348 | D        | Reached XP level 5. HP: 27/27 MP: 6/6
   349 | D        | Reached skill level 15 in Stealth
   356 | D        | Became a worshipper of Dithmenos the Shadowed
   371 | D        | Found a radiant altar of Vehumet.
   372 | D        | Found a shimmering blue altar of Sif Muna.
   372 | D        | Found an ancient bone altar of Kikubaaqudgha.
   376 | D        | Reached skill level 1 in Invocations
   392 | D        | Learned a level 3 spell: Tukima's Dance
   392 | D        | Found a glowing silver altar of Zin.
   393 | D        | Found a glowing golden altar of the Shining One.
   393 | D        | Found a white marble altar of Elyvilon.
   393 | D        | Noticed a deep elf pyromancer
   395 | D        | Killed a deep elf pyromancer
   395 | D        | Reached * piety under Dithmenos
   396 | D        | Reached skill level 5 in Throwing
   396 | D        | Reached XP level 6. HP: 33/33 MP: 7/10
   396 | D        | Reached XP level 7. HP: 37/37 MP: 7/11
   435 | D        | Found a hide-covered altar of Uskayaw.
   435 | D        | Found an iron altar of Okawaru.
   436 | D        | Found a bloodstained altar of Trog.
   436 | D        | Found an ornate altar of the Wu Jian Council.
   436 | D        | Noticed a human
   436 | D        | Noticed a human
   438 | D        | Killed a human
   439 | D        | Reached skill level 5 in Invocations
   439 | D        | Killed a human
   456 | D        | Noticed a shadow
   458 | D        | Killed a shadow
   458 | D        | Reached ** piety under Dithmenos
   459 | D        | Reached XP level 8. HP: 42/42 MP: 13/13
   464 | D        | Found a blossoming altar of Fedhas.
   464 | D        | Found a stormy altar of Qazlal.
   465 | D        | Found a snail-covered altar of Cheibriados.
   465 | D        | Found a burning altar of Makhleb.
   465 | D        | Found a hazy altar of Hepliaklqana.
   465 | D        | Found a shimmering altar of Xom.
   465 | D        | Found an opulent altar of Gozag.
   465 | D        | Found a sparkling altar of Nemelex Xobeh.
   465 | D        | Found a corrupted altar of Lugonu.
   465 | D        | Found a viscous altar of Jiyva.
   486 | D        | Noticed Josephine
   489 | D        | Killed Josephine
   501 | D        | Reached *** piety under Dithmenos
   507 | D        | Noticed a centaur warrior
   511 | D        | Reached XP level 9. HP: 35/46 MP: 15/15
   521 | D        | Killed a centaur warrior
   522 | D        | Reached skill level 10 in Short Blades
   627 | D        | Noticed an unseen horror
   628 | D        | Killed an unseen horror
   628 | D        | Reached **** piety under Dithmenos
   662 | D        | Noticed an orc high priest
   662 | D        | Noticed an orc sorcerer
   675 | D        | Killed an orc sorcerer
   675 | D        | Reached ***** piety under Dithmenos
   684 | D        | Noticed an orc sorcerer
   687 | D        | Killed an orc high priest
   688 | D        | Reached skill level 1 in Evocations
   688 | D        | Reached XP level 10. HP: 51/51 MP: 17/17
   694 | D        | Found Lesish's Antique Weapon Emporium.
   701 | D        | Noticed an orc high priest
   707 | D        | Killed an orc sorcerer
   711 | D        | Killed an orc high priest
   711 | D        | Reached ****** piety under Dithmenos
   712 | D        | Reached skill level 5 in Fighting
   811 | D        | Bought a glowing rapier for 126 gold pieces
   819 | D        | Noticed a deep elf knight
   819 | D        | Noticed a deep elf pyromancer
   819 | D        | Noticed a deep elf zephyrmancer
   819 | D        | Noticed a deep elf zephyrmancer
   819 | D        | Noticed a deep elf pyromancer
   832 | D        | Killed a deep elf pyromancer
   833 | D        | Reached skill level 27 in Stealth
   833 | D        | Reached skill level 10 in Invocations
   839 | D        | Killed a deep elf zephyrmancer
   849 | D        | Killed a deep elf zephyrmancer
   851 | D        | Killed a deep elf knight
   861 | D        | Noticed a deep elf annihilator
   887 | D        | Killed a deep elf pyromancer
  1040 | D        | Noticed a deep elf annihilator
  1040 | D        | Noticed a deep elf demonologist
  1040 | D        | Noticed a deep elf demonologist
  1041 | D        | Killed a deep elf annihilator
  1042 | D        | Reached XP level 11. HP: 52/56 MP: 15/20
  1043 | D        | Killed a deep elf annihilator
  1044 | D        | Reached skill level 10 in Throwing
  1045 | D        | Killed a deep elf demonologist
  1047 | D        | Killed a deep elf demonologist
  1048 | D        | Reached skill level 5 in Evocations
  1086 | D        | Noticed a deep elf master archer
  1086 | D        | Noticed a deep elf high priest
  1087 | D        | Noticed a deep elf high priest
  1088 | D        | Killed a deep elf master archer
  1090 | D        | Killed a deep elf high priest
  1092 | D        | Killed a deep elf high priest
  1108 | D        | Identified the amulet of the Cockatrice {Spirit Dex+2}
  1108 | D        | Identified the ring "Winapis" {rPois rF+ rC+ MP+9 Slay+2}
  1115 | D        | Got the Exposition on Battling
  1116 | D        | Identified the ring "Welarasext" {rN++ rCorr Int+6 Slay+3
                  | Stlth-}
  1120 | D        | Identified the +2 trident of Tenacity {drain, rElec Will-
                  | Dex+8 Stlth-}
  1120 | D        | Identified the +5 great mace "Bowompu" {drain, Dex+7}
  1312 | D        | Noticed Donald
  1312 | D        | Noticed Frances
  1314 | D        | Killed Frances
  1315 | D        | Reached XP level 12. HP: 59/64 MP: 24/24
  1315 | D        | Killed Donald
  1316 | D        | Reached skill level 15 in Invocations
  1600 | D        | Reached skill level 15 in Short Blades
  1600 | D        | Reached skill level 5 in Dodging
  1645 | D        | Noticed Urug
  1647 | D        | Killed Urug
  2019 | D        | Found Goahyck's Antique Armour Emporium.
  2019 | D        | Found Jyshag's Antique Armour Shop.
  2019 | D        | Found Nulob's Magic Scroll Shoppe.
  2019 | D        | Found Ilererat's Antique Weapon Boutique.
  2019 | D        | Found Ixol's Jewellery Emporium.
  2019 | D        | Found Titwef's Jewellery Shop.
  2019 | D        | Found Piysyhes's Distillery.
  2019 | D        | Found Jecruaf's Jewellery Boutique.
  2020 | D        | Found Ivvercho's Antique Weapon Boutique.
  2020 | D        | Found Anuun's Book Shoppe.
  2020 | D        | Found Ahines's Jewellery Emporium.
  2055 | D        | Bought a steaming short sword for 160 gold pieces
  2055 | D        | Identified the +8 short sword "Byaqoted" {flame, Drain
                  | rElec rN+} (You bought it in a shop in the Dungeon)
  2056 | D        | Upgraded the game from 0.29-a0-1019-g84f7d21838 to
                  | 0.29-a0-1023-g6ae1a4a2c7
  2059 | D        | Bought a book of Debilitation for 280 gold pieces
  2061 | D        | Learned a level 1 spell: Slow
  2065 | D        | Learned a level 3 spell: Confusing Touch
  2071 | D        | Bought a scroll of blinking for 90 gold pieces
  2071 | D        | Bought a scroll of fear for 48 gold pieces
  2071 | D        | Bought a scroll of blinking for 90 gold pieces
  2071 | D        | Bought a scroll of immolation for 48 gold pieces
  2079 | D        | Bought 2 potions of heal wounds for 130 gold pieces
  2079 | D        | Bought a potion of berserk rage for 65 gold pieces
  2079 | D        | Bought a potion of mutation for 104 gold pieces
  2080 | D        | Bought the ring of the Mage {Wiz Archmagi} for 561 gold
                  | pieces
  2080 | D        | Found the ring of the Mage {Wiz Archmagi}
  2080 | D        | Bought the amulet "Gopsah" {Acrobat rC+ Slay+2} for 576
                  | gold pieces
  2110 | D        | Reached skill level 10 in Fighting
  2407 | D        | Noticed a centaur warrior
  2411 | D        | Killed a centaur warrior
  2428 | D        | Noticed a fire dragon
  2430 | D        | Killed a fire dragon
  2488 | D        | Reached skill level 15 in Throwing
  2488 | D        | Reached skill level 10 in Evocations
  2650 | D        | Reached XP level 13. HP: 74/74 MP: 26/26
  2811 | D        | Noticed Rupert
  2815 | D        | Killed Rupert
  2830 | D        | Noticed a dire elephant
  2830 | D        | Noticed a dire elephant
  2830 | D        | Noticed Gastronok
  2836 | D        | Killed a dire elephant
  2838 | D        | Killed a dire elephant
  2839 | D        | Killed Gastronok
  2879 | D        | Noticed an azure jelly
  2879 | D        | Noticed an azure jelly
  3138 | D        | Noticed Polyphemus
  3140 | D        | Noticed Ilsuiw
  3141 | D        | Killed Polyphemus
  3147 | D        | Killed Ilsuiw
  3196 | D        | Found Pom Nucwaate's Antique Weapon Emporium.
  3196 | D        | Found Nipix's Book Shop.
  3196 | D        | Found Udwoc's Magic Scroll Shoppe.
  3196 | D        | Noticed a merfolk javelineer
  3198 | D        | Killed a merfolk javelineer
  3216 | D        | Got a barnacled rune of Zot
  3262 | D        | Reached skill level 10 in Dodging
  3378 | D        | Found a blossoming altar of Fedhas.
  4065 | D        | Noticed a nagaraja
  4065 | D        | Found Jeesedd's Antique Weapon Boutique.
  4065 | D        | Found Antex's Jewellery Emporium.
  4065 | D        | Found Siguheri's Magic Scroll Shop.
  4068 | D        | Reached XP level 14. HP: 66/84 MP: 25/28
  4314 | D        | Killed a nagaraja
  4329 | D        | Got a serpentine rune of Zot
  4423 | D        | Noticed an azure jelly
  4423 | D        | Noticed an azure jelly
  4427 | D        | Killed an azure jelly
  4428 | D        | Killed an azure jelly
  4429 | D        | Reached skill level 15 in Fighting
  4430 | D        | Killed an azure jelly
  4431 | D        | Killed an azure jelly
  4679 | D        | Noticed Boris
  4682 | D        | Killed Boris
  4730 | D        | Found Vojaimum's Distillery.
  4730 | D        | Found Giyn's Distillery.
  4730 | D        | Found Archaena's Distillery.
  4730 | D        | Found Zixzuso's Armour Shoppe.
  4739 | D        | Bought a potion of heal wounds for 70 gold pieces
  4745 | D        | Identified Roxanne's Guidebook on Grit
  4745 | D        | Noticed Roxanne
  4779 | D        | Killed Roxanne
  4917 | D        | Found Mommod's Distillery.
  5306 | D        | Noticed Nikola
  5306 | D        | Noticed a storm dragon
  5606 | D        | Killed a storm dragon
  5620 | D        | Killed Nikola
  6357 | D        | Noticed an ancient lich
  6373 | D        | Identified the amulet of the Komtur {Faith Will+ SInv}
  6421 | D        | Noticed a sphinx
  6421 | D        | Noticed a sphinx
  6423 | D        | Killed a sphinx
  6424 | D        | Killed a sphinx
  6454 | D        | Reached skill level 15 in Dodging
  7014 | D        | Noticed a royal mummy
  7014 | D        | Noticed a royal mummy
  7014 | D        | Found the +13 scythe of Curses {drain, Drain}
  7217 | D        | Reached XP level 15. HP: 73/93 MP: 30/30
  7330 | D        | Noticed Chuck
  7358 | D        | Killed Chuck
  7365 | D        | Got the Omnibus of Mercurial Assembling
  7588 | D        | Noticed Sojobo
  7769 | D        | HP: 5/139 [Sojobo/bolt of lightning (14)]
  7771 | D        | Killed Sojobo
  8135 | D        | Noticed a shard shrike
  8152 | D        | Noticed a titan
  8152 | D        | a shard shrike changed into a titan
  8158 | D        | Noticed a rockslime
  8158 | D        | a titan changed into a rockslime
  8161 | D        | HP: 1/93 [rockslime (glowing shapeshifter) (39)]
  8754 | D        | Noticed a lich
  8757 | D        | Killed a lich
  8764 | D        | Noticed a shadow dragon
  8764 | D        | Noticed a shadow dragon
  8767 | D        | Killed a shadow dragon
  8768 | D        | Killed a shadow dragon
  8844 | D        | Noticed a golden dragon
  8844 | D        | Noticed a quicksilver dragon
  8844 | D        | Noticed a golden dragon
  8844 | D        | Noticed a shadow dragon
  8844 | D        | Noticed a fire giant
  8844 | D        | Noticed a shadow dragon
  8845 | D        | Noticed a quicksilver dragon
  8870 | D        | HP: 2/95 [fire giant/fireball (23)]
  9280 | D        | Reached skill level 15 in Evocations
  9352 | D        | Killed a shadow dragon
  9374 | D        | HP: 4/95 [skeletal warrior/+2 dire flail of protection
                  | (20)]
  9736 | D        | Identified the +8 quarterstaff "Giantbane" {flame, rPois
                  | Dex+3}
 10077 | D        | Killed a quicksilver dragon
 10145 | D        | Killed a quicksilver dragon
 10340 | D        | Killed a fire giant
 10406 | D        | Killed a golden dragon
 10498 | D        | Killed a shadow dragon
 10888 | D        | Identified the +3 glaive of Debt {elec, *Slow Will+ Dex+6}
 10912 | D        | Killed a golden dragon
 11055 | D        | Noticed a shadow dragon
 11068 | D        | Killed a shadow dragon
 11110 | D        | Got a silver rune of Zot
 11656 | D        | Acquired the +3 warlock's mirror {reflect}
 11656 | D        | Found the +3 warlock's mirror {reflect}
 11661 | D        | Acquired 493 gold pieces
 11745 | D        | Reached XP level 16. HP: 32/101 MP: 31/31
 12021 | D        | Noticed Azrael
 12023 | D        | Killed Azrael
 12042 | D        | Acquired 728 gold pieces
 13183 | D        | Killed a royal mummy
 13189 | D        | Killed a royal mummy
 13377 | D        | Got a golden rune of Zot
 13380 | D        | Got the Treatise on Unholy Bolts
 13434 | D        | Acquired 1073 gold pieces
 13444 | D        | Acquired 1228 gold pieces
 13451 | D        | Acquired 723 gold pieces
 13455 | D        | Acquired a +0 rapier of holy wrath
 13539 | D        | Acquired 786 gold pieces
 13603 | D        | Bought a potion of curing for 39 gold pieces
 13603 | D        | Bought a potion of curing for 39 gold pieces
 13603 | D        | Bought 2 potions of curing for 78 gold pieces
 13646 | D        | Bought a potion of berserk rage for 60 gold pieces
 13646 | D        | Bought a potion of heal wounds for 60 gold pieces
 13646 | D        | Bought a potion of heal wounds for 60 gold pieces
 13647 | D        | Bought a potion of heal wounds for 55 gold pieces
 13647 | D        | Bought a potion of heal wounds for 55 gold pieces
 13647 | D        | Bought a potion of haste for 110 gold pieces
 13647 | D        | Bought a potion of might for 44 gold pieces
 13648 | D        | Bought a potion of resistance for 140 gold pieces
 13648 | D        | Bought a potion of might for 56 gold pieces
 13649 | D        | Bought a potion of curing for 33 gold pieces
 13649 | D        | Bought 2 potions of curing for 66 gold pieces
 13649 | D        | Bought a potion of curing for 33 gold pieces
 13651 | D        | Bought 2 potions of resistance for 240 gold pieces
 14077 | D        | Noticed an Executioner
 14081 | D        | Killed an Executioner
 14096 | D        | Noticed Nessos
 14127 | D        | Killed Nessos
 14372 | D        | Noticed a deep elf blademaster
 14373 | D        | Noticed a deep elf blademaster
 14373 | D        | Noticed a deep elf blademaster
 14376 | D        | Killed a deep elf blademaster
 14376 | D        | Killed a deep elf blademaster
 14376 | D        | Killed a deep elf blademaster
 14475 | D        | Noticed a Killer Klown
 14477 | D        | Killed a Killer Klown
 14515 | D        | Noticed an Orb Guardian
 14515 | D        | Noticed an Orb Guardian
 14521 | D        | Killed an Orb Guardian
 14523 | D        | Killed an Orb Guardian
 14550 | D        | Noticed an ancient lich
 14817 | D        | Killed an ancient lich
 14854 | D        | Noticed a storm dragon
 14856 | D        | Killed a storm dragon
 14857 | D        | Reached skill level 27 in Short Blades
 14857 | D        | Reached skill level 27 in Dodging
 15495 | D        | Noticed Mennas
 15497 | D        | Killed Mennas
 15603 | D        | Noticed Geryon
 15664 | D        | Reached XP level 17. HP: 88/112 MP: 32/32
 17112 | D        | Noticed the Serpent of Hell
 17113 | D        | Noticed a Brimstone Fiend
 17119 | D        | Killed from afar by a Brimstone Fiend

Illustrated notes

Levels and vault maps discovered:
D:        dungeon_sprint_mu [sprint_mu_entry_forest, sprint_mu_temple_rooms,
          sprint_mu_d1_horrors, sprint_mu_d2_genie, sprint_mu_d3_branching,
          sprint_mu_orc_legion, sprint_mu_elf_gauntlet, sprint_mu_hive_nellie,
          sprint_mu_lair_fedhas, sprint_mu_vaults_butterflies,
          sprint_mu_slime_circle, sprint_mu_shoals_archi,
          sprint_mu_snake_twists, sprint_mu_blade_basic, sprint_mu_crypt_lich,
          sprint_mu_tomb_spiral, sprint_mu_vestibule_basic,
          sprint_mu_gehenna_hellfire, sprint_mu_dis_giant,
          sprint_mu_tartarus_statrot, sprint_mu_cocytus_islands, sprint_mu_zot1]

Skill      XL: |  1  2  3  4  5  6  7  8  9 10 11 12 13 14 15 16 |
---------------+-------------------------------------------------+-----
Stealth        | 9 11 13 18 20 23 25 27 | 27.0
Short Blades   | 3 4 5 7 8 9 10 11 14 17 20 23 24 27 | 27.0
Fighting       | 2 3 4 5 8 11 14 17 19 22 | 22.3
Throwing       | 3 5 6 9 13 15 16 18 19 22 | 22.3
Invocations    | 4 5 7 9 11 14 16 18 20 21 | 21.5
Dodging        | 2 3 4 6 10 15 22 27 | 27.0
Evocations     | 1 4 7 10 12 13 17 23 | 23.7

Action                   |  1- 3 |  4- 6 |  7- 9 | 10-12 | 13-15 | 16-18 || total
-------------------------+-------+-------+-------+-------+-------+-------++-------
Melee: Dagger            |    15 |     6 |    26 |    15 |       |       ||    62
       Rapier            |       |       |       |    54 |       |    10 ||    64
       Short sword       |       |       |       |    40 |   636 |       ||   676
       Punch             |       |       |       |       |     9 |     6 ||    15
       Knife             |       |       |       |       |    28 |   283 ||   311
Throw: Dart              |     4 |       |    10 |    26 |    26 |    13 ||    79
Invok: Shadow Step       |       |       |       |     7 |    24 |    10 ||    41
Evoke: Condenser vane    |       |       |     2 |     7 |     7 |     7 ||    23
       Tin of tremorston |       |       |       |     3 |     5 |     8 ||    16
       Wand              |       |       |       |     3 |    15 |       ||    18
       Lightning rod     |       |       |       |       |       |    17 ||    17
  Use: Potion            |       |       |       |     8 |     6 |    12 ||    26
       Scroll            |       |       |       |     1 |     9 |    13 ||    23
 Stab: Sleeping          |     2 |     6 |     8 |    30 |    77 |    26 ||   149
       Confused          |       |       |     3 |     9 |       |       ||    12
       Paralysed         |       |       |       |     3 |     1 |       ||     4
       Distracted        |       |       |       |       |    22 |     6 ||    28
Armor: Robe              |     1 |       |     5 |     2 |    18 |     6 ||    32
Dodge: Dodged            |     6 |       |     5 |    38 |   362 |   254 ||   665

Table legend: (Time is in decaauts) A = Elapsed time spent in this place. B = Non-inter-level travel time spent in this place. C = Inter-level travel time spent in this place. D = Time resting spent in this place. E = Time spent auto-exploring this place. F = Levels seen in this place. G = Mean time per level. A B C D E F G +--------+--------+--------+--------+--------+-----+--------+ Total | 14724 | 14629 | 95 | 10495 | 76 | 1 | 14724.0 | Dungeon | 14724 | 14629 | 95 | 10495 | 76 | 1 | 14724.0 | +--------+--------+--------+--------+--------+-----+--------+

Top non-repeatable levels by time:
       D: 14724 daAuts
